| TOP OF THE 1ST |
|
Mobile BayBears batting - Pitching for Reading Fightin Phils : RHP Rome Corona
|
|
Pitching: RHP Rome Corona
|
|
|
Batting: LHB Steve Reinhart
|
0-0: Ball 1-0: Called Strike 1-1: Ball 2-1: Foul Ball, location: 2F 2-2: Ball 3-2: Foul Ball, location: 2F 3-2: SINGLE (Groundball, 4MD, EV 95.0 MPH)
|
|
Batting: LHB Bobby Arevalo
|
0-0: Ball 1-0: Ball 2-0: SINGLE (Line Drive, 6D, EV 96.3 MPH) Steve Reinhart to second
|
|
Batting: SHB Salvador Aragon
|
0-0: Ball 1-0: Swinging Strike 1-1: Swinging Strike 1-2: Ball Wild Pitch! Steve Reinhart to third Bobby Arevalo to second 2-2: Ball 3-2: Base on Balls
|
|
Batting: RHB John Gray
|
0-0: Foul Ball, location: 2F 0-1: DOUBLE (Flyball, 78XD, EV 111.3 MPH) Steve Reinhart scores Bobby Arevalo scores Salvador Aragon to third Runner from 3rd tries for Home, SAFE, throw by CF to home
|
|
Batting: LHB Josh Gottlieb
|
0-0: Foul Ball, location: 2F 0-1: Called Strike 0-2: Ball 1-2: Ball 2-2: Strikes out swinging
|
|
Batting: RHB Omar Arroyo
|
0-0: Foul Ball, location: 2F 0-1: Ball 1-1: Swinging Strike 1-2: Ball 2-2: 2-RUN HOME RUN (Flyball, 7LD, EV 93.1 MPH), Distance : 341 ft
|
|
Batting: RHB Andy Schuett
|
0-0: Swinging Strike 0-1: Ball 1-1: Swinging Strike 1-2: Foul Ball, location: 2F 1-2: Strikes out swinging
|
|
Batting: RHB Dustin Legault
|
0-0: Swinging Strike 0-1: Swinging Strike 0-2: Ball 1-2: Foul Ball, location: 2F 1-2: Ball 2-2: Ball 3-2: Strikes out swinging
|
| Top of the 1st over - 5 runs, 4 hits, 0 errors, 0 left on base; Mobile 5 - Reading 0 |
| BOTTOM OF THE 1ST |
|
Reading Fightin Phils batting - Pitching for Mobile BayBears : LHP Elliot Ziemba
|
|
Pitching: LHP Elliot Ziemba
|
|
|
Batting: RHB Matt Strong
|
0-0: Called Strike 0-1: Swinging Strike 0-2: Ball 1-2: Foul Ball, location: 2F 1-2: Strikes out swinging
|
|
Batting: RHB Austin Wiebe
|
0-0: Ball 1-0: Swinging Strike 1-1: Fly out, F7 (Line Drive, 7S, EV 105.6 MPH)
|
|
Batting: RHB Kory Sanchez
|
0-0: Foul Ball, location: 2F 0-1: Foul Ball, location: 2F 0-2: Fly out, F9 (Flyball, 9LM, EV 90.0 MPH)
|
| Bottom of the 1st over - 0 runs, 0 hits, 0 errors, 0 left on base; Mobile 5 - Reading 0 |
| TOP OF THE 2ND |
|
Mobile BayBears batting - Pitching for Reading Fightin Phils : RHP Rome Corona
|
|
Batting: RHB Casey Stripling
|
0-0: Ball 1-0: Ball 2-0: Called Strike 2-1: Foul Ball, location: 2F 2-2: Strikes out looking
|
|
Batting: LHB Steve Reinhart
|
0-0: Foul Ball, location: 2F 0-1: Ball 1-1: Foul Ball, location: 2F 1-2: Foul Ball, location: 2F 1-2: Ground out U3 (Groundball, 3D, EV 87.5 MPH)
|
|
Batting: LHB Bobby Arevalo
|
0-0: Foul Ball, location: 2F 0-1: Fly out, F8 (Flyball, 8LXD, EV 91.3 MPH)
|
| Top of the 2nd over - 0 runs, 0 hits, 0 errors, 0 left on base; Mobile 5 - Reading 0 |
| BOTTOM OF THE 2ND |
|
Reading Fightin Phils batting - Pitching for Mobile BayBears : LHP Elliot Ziemba
|
|
Batting: RHB Fletcher Easter
|
0-0: SINGLE (Groundball, 4MD, EV 104.4 MPH)
|
|
Batting: LHB Danny Hill
|
0-0: Ball 1-0: Foul Ball, location: 2F 1-1: Ball 2-1: Ball 3-1: Swinging Strike 3-2: Strikes out swinging
|
|
Batting: LHB Michael Tuttle
|
0-0: Foul Ball, location: 2F 0-1: Swinging Strike 0-2: Foul Ball, location: 2F 0-2: Foul Ball, location: 2F 0-2: Ball 1-2: Ball 2-2: Strikes out swinging
|
|
Batting: RHB Zach Downs
|
0-0: Called Strike 0-1: Swinging Strike 0-2: DOUBLE (Flyball, 8RXD, EV 109.4 MPH) Fletcher Easter to third Runner from 3rd tries for Home, throw by CF and OUT! 8-4-2
|
| Bottom of the 2nd over - 0 runs, 2 hits, 0 errors, 1 left on base; Mobile 5 - Reading 0 |
| TOP OF THE 3RD |
|
Mobile BayBears batting - Pitching for Reading Fightin Phils : RHP Rome Corona
|
|
Batting: SHB Salvador Aragon
|
0-0: Ball 1-0: Foul Ball, location: 2F 1-1: Called Strike 1-2: Ball 2-2: SINGLE (Groundball, 4MD, EV 95.0 MPH)
|
|
Pitching: RHP Javier Trujillo
|
|
|
Batting: RHB John Gray
|
0-0: Called Strike 0-1: Ball Salvador Aragon steals 2nd base 1-1: SINGLE (Groundball, 4D, EV 103.1 MPH) Salvador Aragon to third Runner from 3rd tries for Home, SAFE, throw by CF to home
|
|
Batting: LHB Josh Gottlieb
|
0-0: Ball 1-0: Ball 2-0: Ball 3-0: Base on Balls John Gray to second
|
|
Batting: RHB Omar Arroyo
|
0-0: Ball 1-0: Foul Ball, location: 2F 1-1: Ball 2-1: 3-RUN HOME RUN (Flyball, 9D, EV 98.1 MPH), Distance : 380 ft
|
|
Batting: RHB Andy Schuett
|
0-0: Called Strike 0-1: Foul Ball, location: 2F 0-2: Ball 1-2: Foul Ball, location: 2F 1-2: Strikes out swinging
|
|
Batting: RHB Dustin Legault
|
0-0: Ball 1-0: Swinging Strike 1-1: Ball 2-1: Foul Ball, location: 2F 2-2: Strikes out swinging
|
|
Batting: RHB Casey Stripling
|
0-0: Foul Ball, location: 2F 0-1: Ball 1-1: Swinging Strike 1-2: Fly out, F8 (Flyball, 8LM, EV 85.0 MPH)
|
| Top of the 3rd over - 4 runs, 3 hits, 0 errors, 0 left on base; Mobile 9 - Reading 0 |
| BOTTOM OF THE 3RD |
|
Reading Fightin Phils batting - Pitching for Mobile BayBears : LHP Elliot Ziemba
|
|
Batting: RHB Gary Hills
|
0-0: Fly out, F7 (Flyball, 7S, EV 88.8 MPH)
|
|
Batting: LHB Darrell Ortega
|
0-0: Ball 1-0: Called Strike 1-1: Foul Ball, location: 2F 1-2: Ball 2-2: Fly out, F8 (Line Drive, 8LD, EV 93.8 MPH)
|
|
Batting: RHB Matt Strong
|
0-0: Ground out 4-3 (Groundball, 4S, EV 91.9 MPH)
|
| Bottom of the 3rd over - 0 runs, 0 hits, 0 errors, 0 left on base; Mobile 9 - Reading 0 |
| TOP OF THE 4TH |
|
Mobile BayBears batting - Pitching for Reading Fightin Phils : RHP Javier Trujillo
|
|
Batting: LHB Steve Reinhart
|
0-0: Ball 1-0: Ball 2-0: Foul Ball, location: 2F 2-1: Swinging Strike 2-2: Ball 3-2: Base on Balls
|
|
Batting: LHB Bobby Arevalo
|
0-0: Ball 1-0: Ball 2-0: Swinging Strike 2-1: Called Strike 2-2: Ball 3-2: Base on Balls Steve Reinhart to second
|
|
Batting: SHB Salvador Aragon
|
0-0: Ball 1-0: Called Strike 1-1: Foul Ball, location: 2F 1-2: Strikes out swinging
|
|
Batting: RHB John Gray
|
0-0: Ball 1-0: Ball 2-0: Called Strike 2-1: Swinging Strike 2-2: Foul Ball, location: 2F 2-2: Foul Ball, location: 2F 2-2: Foul Ball, location: 2F 2-2: Foul Ball, location: 2F 2-2: Strikes out looking
|
|
Batting: LHB Josh Gottlieb
|
0-0: Ball 1-0: 3-RUN HOME RUN (Flyball, 9D, EV 104.4 MPH), Distance : 377 ft
|
|
Pitching: RHP Ben Bosley
|
|
|
Batting: RHB Omar Arroyo
|
0-0: Ball 1-0: Swinging Strike 1-1: Ball 2-1: Called Strike 2-2: Ball 3-2: Foul Ball, location: 2F 3-2: Foul Ball, location: 2F 3-2: Foul Ball, location: 2F 3-2: Foul Ball, location: 2F 3-2: Foul Ball, location: 2F 3-2: Base on Balls
|
|
Batting: RHB Andy Schuett
|
0-0: Ball 1-0: Foul Ball, location: 2F 1-1: Ball 2-1: Ball 3-1: Base on Balls Omar Arroyo to second
|
|
Batting: RHB Dustin Legault
|
0-0: Called Strike 0-1: Ball 1-1: Called Strike 1-2: Ball 2-2: Foul Ball, location: 2F 2-2: Strikes out swinging
|
| Top of the 4th over - 3 runs, 1 hit, 0 errors, 2 left on base; Mobile 12 - Reading 0 |
| BOTTOM OF THE 4TH |
|
Reading Fightin Phils batting - Pitching for Mobile BayBears : LHP Elliot Ziemba
|
|
Batting: RHB Austin Wiebe
|
0-0: Ball 1-0: Foul Ball, location: 2F 1-1: Foul Ball, location: 2F 1-2: Ground out 5-3 (Groundball, 5L, EV 109.4 MPH)
|
|
Batting: RHB Kory Sanchez
|
0-0: Ball 1-0: Called Strike 1-1: Foul Ball, location: 2F 1-2: Foul Ball, location: 2F 1-2: Strikes out swinging
|
|
Batting: RHB Fletcher Easter
|
0-0: Ball 1-0: Ball 2-0: Ball 3-0: Called Strike 3-1: Base on Balls
|
|
Batting: LHB Danny Hill
|
0-0: Ball 1-0: Ball 2-0: Fly out, F7 (Flyball, 7D, EV 104.4 MPH)
|
| Bottom of the 4th over - 0 runs, 0 hits, 0 errors, 1 left on base; Mobile 12 - Reading 0 |
| TOP OF THE 5TH |
|
Mobile BayBears batting - Pitching for Reading Fightin Phils : RHP Ben Bosley
|
|
Batting: RHB Casey Stripling
|
0-0: Called Strike 0-1: Called Strike 0-2: Ground out 5-3 (Groundball, 5D, EV 108.8 MPH)
|
|
Batting: LHB Steve Reinhart
|
0-0: Called Strike 0-1: Called Strike 0-2: Strikes out swinging
|
|
Batting: LHB Bobby Arevalo
|
0-0: Ground out 4-3 (Groundball, 34D, EV 103.1 MPH)
|
| Top of the 5th over - 0 runs, 0 hits, 0 errors, 0 left on base; Mobile 12 - Reading 0 |
| BOTTOM OF THE 5TH |
|
Reading Fightin Phils batting - Pitching for Mobile BayBears : LHP Elliot Ziemba
|
|
Batting: LHB Michael Tuttle
|
0-0: Fly out, F7 (Flyball, 78D, EV 99.4 MPH)
|
|
Batting: RHB Zach Downs
|
0-0: Called Strike 0-1: Swinging Strike 0-2: Ball 1-2: Ball 2-2: Ball 3-2: Foul Ball, location: 2F 3-2: Base on Balls
|
|
Batting: RHB Gary Hills
|
0-0: Swinging Strike 0-1: Ball 1-1: Swinging Strike 1-2: Foul Ball, location: 2F 1-2: Strikes out looking
|
|
Batting: LHB Darrell Ortega
|
0-0: SINGLE (Groundball, 6MD, EV 100.0 MPH) Zach Downs to second
|
|
Batting: RHB Matt Strong
|
0-0: Ball 1-0: Fly out, F8 (Flyball, 8RXD, EV 92.5 MPH)
|
| Bottom of the 5th over - 0 runs, 1 hit, 0 errors, 2 left on base; Mobile 12 - Reading 0 |
| TOP OF THE 6TH |
|
Mobile BayBears batting - Pitching for Reading Fightin Phils : RHP Ben Bosley
|
|
Batting: SHB Salvador Aragon
|
0-0: Ground out 1-3 (Groundball, 13S, EV 65.0 MPH)
|
|
Batting: RHB John Gray
|
0-0: Called Strike 0-1: Ball 1-1: Foul Ball, location: 2F 1-2: Ball 2-2: Ball 3-2: Fly out, F4 (Popup, 34D, EV 71.9 MPH)
|
|
Batting: LHB Josh Gottlieb
|
0-0: Called Strike 0-1: Called Strike 0-2: Strikes out swinging
|
| Top of the 6th over - 0 runs, 0 hits, 0 errors, 0 left on base; Mobile 12 - Reading 0 |
| BOTTOM OF THE 6TH |
|
Reading Fightin Phils batting - Pitching for Mobile BayBears : LHP Elliot Ziemba
|
|
Batting: RHB Austin Wiebe
|
0-0: Ball 1-0: Called Strike 1-1: Ball 2-1: Ball 3-1: Called Strike 3-2: Strikes out looking
|
|
Batting: RHB Kory Sanchez
|
0-0: Foul Ball, location: 2F 0-1: Called Strike 0-2: Fly out, F9 (Line Drive, 9, EV 96.3 MPH)
|
|
Pitching: RHP Jeremy Dobrowolski
|
|
|
Batting: RHB Fletcher Easter
|
0-0: Called Strike 0-1: Ball 1-1: Swinging Strike 1-2: Ball 2-2: Ground out 6-3 (Groundball, 6S, EV 70.0 MPH)
|
| Bottom of the 6th over - 0 runs, 0 hits, 0 errors, 0 left on base; Mobile 12 - Reading 0 |
| TOP OF THE 7TH |
|
Mobile BayBears batting - Pitching for Reading Fightin Phils : RHP Ben Bosley
|
|
Batting: RHB Omar Arroyo
|
0-0: Called Strike 0-1: Foul Ball, location: 2F 0-2: Fly out, F9 (Flyball, 9S, EV 87.5 MPH)
|
|
Pinch Hitting: RHB Scott Carr
|
0-0: Swinging Strike 0-1: Foul Ball, location: 2F 0-2: Strikes out swinging
|
|
Batting: RHB Dustin Legault
|
0-0: Called Strike 0-1: Called Strike 0-2: Ball 1-2: Ball 2-2: Strikes out swinging
|
| Top of the 7th over - 0 runs, 0 hits, 0 errors, 0 left on base; Mobile 12 - Reading 0 |
| BOTTOM OF THE 7TH |
|
Reading Fightin Phils batting - Pitching for Mobile BayBears : RHP Jeremy Dobrowolski
|
|
Now at SS: Justin Bruce
|
|
|
Batting: LHB Danny Hill
|
0-0: Ball 1-0: Called Strike 1-1: Foul Ball, location: 2F 1-2: Ground out 4-3 (Groundball, 4, EV 92.5 MPH)
|
|
Batting: LHB Michael Tuttle
|
0-0: Ball 1-0: Foul Ball, location: 2F 1-1: Ground out 5-3 (Groundball, 15, EV 89.4 MPH)
|
|
Batting: RHB Zach Downs
|
0-0: Called Strike 0-1: Called Strike 0-2: Ground out 1-3 (Groundball, 15, EV 68.1 MPH)
|
| Bottom of the 7th over - 0 runs, 0 hits, 0 errors, 0 left on base; Mobile 12 - Reading 0 |
| TOP OF THE 8TH |
|
Mobile BayBears batting - Pitching for Reading Fightin Phils : RHP Ben Bosley
|
|
Batting: RHB Casey Stripling
|
0-0: Ball 1-0: SINGLE (Groundball, 34D, EV 95.0 MPH)
|
|
Batting: LHB Steve Reinhart
|
0-0: Ball 1-0: Fielders Choice at 2nd, 3-6 (Groundball, 34, EV 83.8 MPH)
|
|
Batting: LHB Bobby Arevalo
|
0-0: Foul Ball, location: 2F 0-1: Called Strike 0-2: Grounds into double play, 5-4-3 (Groundball, 56, EV 110.0 MPH)
|
| Top of the 8th over - 0 runs, 1 hit, 0 errors, 0 left on base; Mobile 12 - Reading 0 |
| BOTTOM OF THE 8TH |
|
Reading Fightin Phils batting - Pitching for Mobile BayBears : RHP Jeremy Dobrowolski
|
|
Batting: RHB Gary Hills
|
0-0: Called Strike 0-1: Ball 1-1: Ball 2-1: Ball 3-1: Base on Balls
|
|
Batting: LHB Darrell Ortega
|
0-0: Swinging Strike 0-1: Called Strike 0-2: Foul Ball, location: 2F 0-2: Strikes out swinging
|
|
Batting: RHB Matt Strong
|
0-0: Ball 1-0: Ball 2-0: Ball 3-0: Called Strike 3-1: Grounds into double play, 4-6-3 (Groundball, 4D, EV 84.4 MPH)
|
| Bottom of the 8th over - 0 runs, 0 hits, 0 errors, 0 left on base; Mobile 12 - Reading 0 |
| TOP OF THE 9TH |
|
Mobile BayBears batting - Pitching for Reading Fightin Phils : RHP Ben Bosley
|
|
Batting: SHB Salvador Aragon
|
0-0: Ball 1-0: Ball 2-0: Ball 3-0: Base on Balls
|
|
Pitching: RHP Mike Pickens
|
|
|
Batting: RHB John Gray
|
0-0: Ball 1-0: Ball Wild Pitch! Salvador Aragon to second 2-0: Fly out, F5 (Flyball, 56D, EV 76.9 MPH)
|
|
Batting: LHB Josh Gottlieb
|
0-0: Called Strike 0-1: Called Strike 0-2: Strikes out looking
|
|
Batting: RHB Omar Arroyo
|
0-0: Ball 1-0: Ball 2-0: Called Strike 2-1: Ball 3-1: Called Strike 3-2: Strikes out swinging
|
| Top of the 9th over - 0 runs, 0 hits, 0 errors, 1 left on base; Mobile 12 - Reading 0 |
| BOTTOM OF THE 9TH |
|
Reading Fightin Phils batting - Pitching for Mobile BayBears : RHP Jeremy Dobrowolski
|
|
Pitching: LHP Juan Perez
|
|
|
Pinch Hitting: LHB Jose Fierro
|
0-0: Swinging Strike 0-1: Foul Ball, location: 2F 0-2: Ball 1-2: Ball 2-2: SINGLE (Line Drive, 7S, EV 101.9 MPH)
|
|
Batting: RHB Kory Sanchez
|
0-0: Ball 1-0: Ball 2-0: Ball 3-0: Base on Balls Jose Fierro to second
|
|
Batting: RHB Fletcher Easter
|
0-0: Ball 1-0: Ball 2-0: Foul Ball, location: 2F 2-1: Foul Ball, location: 2F 2-2: Ball 3-2: Foul Ball, location: 2F 3-2: Foul Ball, location: 2F 3-2: Base on Balls Jose Fierro to third Kory Sanchez to second
|
|
Batting: LHB Danny Hill
|
0-0: Ball 1-0: Ball 2-0: SINGLE (Flyball, 7S, EV 90.6 MPH) Jose Fierro scores Kory Sanchez to third Fletcher Easter to second
|
|
Batting: RHB Hector Nunez
|
0-0: Ball 1-0: Called Strike 1-1: Ball 2-1: SINGLE (Groundball, 56D, EV 101.9 MPH) Kory Sanchez scores Fletcher Easter to third Danny Hill to second
|
|
Batting: RHB Zach Downs
|
0-0: Called Strike 0-1: Ball 1-1: Fly out, F8 (Line Drive, 8LM, EV 96.3 MPH)
|
|
Pitching: RHP Ruben Vazquez
|
|
|
Pinch Hitting: LHB Chris Fandino
|
0-0: Ball Wild Pitch! Fletcher Easter scores Danny Hill to third Hector Nunez to second 1-0: Ball 2-0: Ball 3-0: Called Strike 3-1: Base on Balls
|
|
Batting: LHB Darrell Ortega
|
0-0: Ball 1-0: SINGLE (Groundball, 4D, EV 95.0 MPH) Danny Hill scores Hector Nunez to third Chris Fandino to second
|
|
Batting: RHB Matt Strong
|
0-0: Called Strike 0-1: Ball 1-1: SINGLE (Flyball, 8RS, EV 94.4 MPH) Hector Nunez scores Chris Fandino to third Darrell Ortega to second
|
|
Batting: LHB Jose Fierro
|
0-0: Ball 1-0: Ball 2-0: Ball 3-0: Called Strike 3-1: Base on Balls Chris Fandino scores Darrell Ortega to third Matt Strong to second
|
|
Batting: RHB Kory Sanchez
|
0-0: Ball 1-0: Ball 2-0: Ball 3-0: Called Strike 3-1: Fly out, F3 (Line Drive, 3, EV 73.8 MPH)
|
|
Batting: RHB Fletcher Easter
|
0-0: Ball 1-0: Called Strike 1-1: Fielders Choice at 2nd, 6-4 (Groundball, 56, EV 98.8 MPH)
|
| Bottom of the 9th over - 6 runs, 5 hits, 0 errors, 3 left on base; Mobile 12 - Reading 6 |
|